 Dungeon Sprint DCSS version 0.26-a0-1012-gedcf9b2963 (webtiles) character file.

Game seed: 1286196928703981286

429 Conn the Arsonist (level 6, 0/37 HPs)
             Began as an Octopode Fire Elementalist on Dec 7, 2020.
             Was an Initiate of Sif Muna.
             Succumbed to a hornet's poison
             ... in the Dungeon (Sprint II: "The Violet Keep of Menkaure").
             The game lasted 00:04:40 (253 turns).

Conn the Arsonist (Octopode Fire Elementalist)       Turns: 253, Time: 00:04:40

Health: 0/37       AC:  1    Str:  8    XL:     6   Next: 98%
Magic:  7/13       EV: 15    Int: 19    God:    Sif Muna [......]
Gold:   243        SH:  0    Dex: 12    Spells: 4/15 levels left

rFire    . . .     SeeInvis .     - Unarmed
rCold    . . .     Faith    .   (no shield)
rNeg     . . .     Spirit   .   (helmet restricted)
rPois    .         Reflect  .   (no amulet)
rElec    .         Harm     .   (no ring)
rCorr    .         Rampage  .   (no ring)
Will     .....     NoTele   +   (no ring)
Stlth    +++.......             (no ring)
HPRegen  0.12/turn              (no ring)
MPRegen  0.13/turn              (no ring)
                                (no ring)
                                (no ring)

@: lethally poisoned (0 -> -12)
A: almost no armour, stealthy swim, amphibious, 8 rings, constrict 8, camouflage
1, gelatinous body 1
a: Renounce Religion


You were in the Dungeon.
You worshipped Sif Muna.
Sif Muna was noncommittal.
You visited 1 branch You collected 243 gold pieces.

Inventory:

Potions
 e - a potion of magic


   Skills:
 + Level 0.6 Fighting
 + Level 4.4 Dodging
 - Level 2.6 Stealth
 + Level 2.8 Unarmed Combat
 + Level 5.1 Spellcasting
 * Level 5.4 Conjurations
 * Level 11.3 Fire Magic


You had 4 spell levels left.
You knew the following spells:

 Your Spells              Type           Power        Failure   Level
a - Foxfire               Conj/Fire      ####         1%          1
b - Conjure Flame         Conj/Fire      #####...     1%          3
c - Inner Flame           Hex/Fire       ####....     3%          3
d - Sticky Flame          Conj/Fire      #####...     3%          4

Your spell library contained the following spells:

 Spells                   Type           Power        Failure   Level
 Fireball                 Conj/Fire      #####.....   11%         5


Dungeon Overview and Level Annotations

Branches:
Dungeon (1/1)

Altars:
Cheibriados
Dithmenos
Elyvilon
Fedhas
Gozag
Hepliaklqana
Kikubaaqudgha
Makhleb
Nemelex Xobeh
Okawaru
Qazlal
Ru
Sif Muna
Trog
Uskayaw
Vehumet
Wu Jian
Xom
Yredelemnul
Zin
The Shining One
Beogh
Jiyva
Lugonu

Shops:
D }:(!:[[==:!=}!?

Annotations:
D exclusion: oklob plant


Innate Abilities, Weirdness & Mutations

You cannot wear most types of armour.
You are very stealthy in the water. (Stealth+)
You are amphibious.
You can wear up to eight rings at the same time.
You can use your tentacles to constrict eight enemies at once.
Your skin changes colour to match your surroundings (Stealth+).
Your rubbery body absorbs attacks. (AC +1, EV +1)


Message History

Your Dodging skill increases to level 4!
Your Spellcasting skill increases to level 5!
Your Conjurations skill increases to level 5!
Your Fire Magic skill gained 2 levels and is now at level 11!
Unknown command.
Okay, then.
You feel yourself speed up.
* * * LOW HITPOINT WARNING * * *
You feel sick.
There is a lethal amount of poison in your body!
You aren't carrying any scrolls.
Unknown command.
Okay, then.
* * * LOW HITPOINT WARNING * * *
You feel sick.
* * * LOW HITPOINT WARNING * * *
You feel sick.
* * * LOW HITPOINT WARNING * * *
You feel sick.
You die...

#...#..# #..# y#▓![[??(
+$#.'..### ^^##.#▓[[$?$$[
#...#....###...##▓▓▓▓▓▓▓+ #
M##...)..≈≈≈≈hc≈≈≈≈≈≈≈
####≈≈.....≈#'########+###
.#≈≈≈§≈≈≈†.≈#....._._#≈§§##
##≈≈≈≈§≈≈§.≈#...._._.#§§§≈##
#≈≈≈≈≈§≈≈§≈≈#..._._._#§§§§§#
≈≈≈≈§≈§§≈≈≈≈#.._@_._.#§§§§≈≈
++#≈≈≈§≈≈≈≈≈#._._._._#S§§§§≈
z ##§≈§###≈≈#_._._._.#S§≈≈§≈
○≈≈##≈≈# #≈§#._._._..#≈§≈≈≈≈
°○°≈+§≈# #§§#.._._._.#≈≈≈≈▓▓
○°°## ≈≈ ≈§§##########≈§§§▓z
≈○## ####≈≈≈≈S≈≈≈≈≈§§§▓z ###
○###≈########≈▓▓▓▓▓ ≈##≈ ▓▓


You could see a polar bear, a yaktaur and 3 water moccasins.

Vanquished Creatures
  A merfolk siren (D)
  A hornet (D)
  A water moccasin (D)
  3 worms (D)
6 creatures vanquished.

Vanquished Creatures (others)
  Menkaure (D)
  39 foxfires (D)
40 creatures vanquished.

Grand Total: 46 creatures vanquished

Notes
Turn   | Place    | Note
-------+----------+-------------------------------------------
     0 | D        | Conn the Octopode Fire Elementalist began the quest for the
                  | Orb.
     0 | D        | Reached XP level 1. HP: 11/11 MP: 3/3
     1 | D        | Noticed a boulder beetle
     1 | D        | Noticed a boulder beetle
     5 | D        | Noticed a wyvern
     5 | D        | Noticed a wyvern
     8 | D        | Noticed a merfolk siren
     8 | D        | Noticed Menkaure
    23 | D        | Reached skill level 4 in Fire Magic
    23 | D        | Reached XP level 2. HP: 17/17 MP: 5/5
    30 | D        | Noticed a flying skull
    30 | D        | Noticed a flying skull
    30 | D        | Noticed a flying skull
    30 | D        | Noticed a flying skull
    30 | D        | Noticed a flying skull
    30 | D        | Noticed a flying skull
    30 | D        | Noticed a flying skull
    31 | D        | Noticed a flying skull
    31 | D        | Noticed a flying skull
    31 | D        | Noticed a flying skull
    31 | D        | Noticed a flying skull
    32 | D        | Noticed a flying skull
    35 | D        | Found Isuikath's Magic Scroll Emporium.
    36 | D        | Found Xiydap's Gadget Emporium.
    36 | D        | Found Xiyq's Jewellery Shoppe.
    37 | D        | Found Ocuuh's Book Emporium.
    37 | D        | Found Jodosafi's Jewellery Shoppe.
    37 | D        | Found Xacs's Distillery.
    37 | D        | Found Utixom's Jewellery Emporium.
    38 | D        | Found Loin's Antique Armour Shoppe.
    38 | D        | Found Mast's Distillery.
    38 | D        | Found Lojenank's Book Shoppe.
    39 | D        | Found Utzoloot's Antique Armour Shoppe.
    41 | D        | Found Gotociof's Distillery.
    41 | D        | Found Juelued's Antique Weapon Emporium.
    41 | D        | Noticed a water moccasin
    41 | D        | Noticed a cane toad
    41 | D        | Noticed a cane toad
    41 | D        | Noticed an oklob plant
    42 | D        | Found Bowuas's Gadget Shoppe.
    42 | D        | Found Obleomus's Book Shoppe.
    43 | D        | Noticed a shining eye
    44 | D        | Noticed a shining eye
    44 | D        | Noticed a shining eye
    46 | D        | Noticed a manticore
    66 | D        | Found a roughly hewn altar of Beogh.
    67 | D        | Found a snail-covered altar of Cheibriados.
    68 | D        | Found a shadowy altar of Dithmenos.
    68 | D        | Found a viscous altar of Jiyva.
    69 | D        | Found a white marble altar of Elyvilon.
    69 | D        | Found an ancient bone altar of Kikubaaqudgha.
    69 | D        | Found a hazy altar of Hepliaklqana.
    69 | D        | Found a sacrificial altar of Ru.
    70 | D        | Found a blossoming altar of Fedhas.
    70 | D        | Found a corrupted altar of Lugonu.
    70 | D        | Found a shimmering blue altar of Sif Muna.
    79 | D        | Killed Menkaure
    80 | D        | Reached skill level 1 in Unarmed Combat
    80 | D        | Reached skill level 6 in Fire Magic
    80 | D        | Reached XP level 3. HP: 21/21 MP: 0/7
    80 | D        | Reached XP level 4. HP: 27/27 MP: 0/8
    88 | D        | Killed a merfolk siren
    89 | D        | Reached skill level 9 in Fire Magic
    89 | D        | Reached XP level 5. HP: 31/31 MP: 5/11
    90 | D        | Noticed a water moccasin
    92 | D        | Found a stormy altar of Qazlal.
    92 | D        | Found an ornate altar of the Wu Jian Council.
    98 | D        | Killed a water moccasin
    99 | D        | Reached XP level 6. HP: 26/36 MP: 3/12
    99 | D        | Found an opulent altar of Gozag.
    99 | D        | Found a burning altar of Makhleb.
    99 | D        | Found a bloodstained altar of Trog.
    99 | D        | Found a shimmering altar of Xom.
   100 | D        | Found a sparkling altar of Nemelex Xobeh.
   100 | D        | Found a hide-covered altar of Uskayaw.
   101 | D        | Found a basalt altar of Yredelemnul.
   102 | D        | Found an iron altar of Okawaru.
   102 | D        | Found a radiant altar of Vehumet.
   102 | D        | Found a glowing silver altar of Zin.
   103 | D        | Noticed a hornet
   103 | D        | Noticed a polar bear
   103 | D        | Found a glowing golden altar of the Shining One.
   103 | D        | Noticed a yaktaur
   103 | D        | Noticed a polar bear
   104 | D        | Noticed a polar bear
   106 | D        | Noticed a water moccasin
   107 | D        | Noticed a water moccasin
   110 | D        | Became a worshipper of Sif Muna the Loreminder
   115 | D        | Noticed a water moccasin
   115 | D        | Noticed a flying skull
   115 | D        | Noticed a flying skull
   131 | D        | Noticed a flying skull
   166 | D        | Learned a level 3 spell: Conjure Flame
   170 | D        | Learned a level 3 spell: Inner Flame
   175 | D        | Learned a level 4 spell: Sticky Flame
   248 | D        | Killed a hornet
   249 | D        | Reached skill level 5 in Spellcasting
   249 | D        | Reached skill level 5 in Conjurations
   249 | D        | Reached skill level 11 in Fire Magic
   252 | D        | HP: 1/37 [poisoned by a hornet]
   253 | D        | Succumbed to a hornet's poison

Illustrated notes

Levels and vault maps discovered:
D:        the_violet_keep_of_menkaure [sprint2_stairs_cluster_1,
          sprint2_shoproom, sprint2_temple, sprint2_basic_supplies,
          sprint2_obstacle_1, sprint2_obstacle_2, sprint2_obstacle_3,
          sprint2_obstacle_7, sprint2_obstacle_4, sprint2_timed_cluster_1,
          sprint2_smallroom_cluster_1, sprint2_smallroom_final_cluster_1,
          sprint2_transparent_cluster_1, sprint2_second_timed_cluster_1,
          sprint2_sniper_area_1, sprint2_heavy_combat_area_1,
          sprint2_mutation_trap_area_1, sprint2_forest_area_1,
          sprint2_light_combat_area_1, sprint2_behind_water_1,
          sprint2_near_end_vault_1]

Skill      XL: |  1  2  3  4  5  6 |
---------------+-------------------+-----
Fire Magic     | 4 6 9 11 | 11.3
Unarmed Combat | 1 2 |  2.8
Spellcasting   | 3 4 5 |  5.1
Conjurations   | 3 4 5 |  5.4
Dodging        | 3 4 |  4.4
Fighting       | |  0.6
Stealth        | |  2.6

Action                   |  1- 3 |  4- 6 || total
-------------------------+-------+-------++-------
Melee: Unarmed           |    10 |       ||    10
       Constrict         |     3 |       ||     3
       Tentacles         |     2 |       ||     2
 Cast: Foxfire           |     3 |    17 ||    20
       Sticky Flame      |       |     1 ||     1
  Use: Potion            |     4 |     1 ||     5
       Scroll            |     1 |       ||     1
 Stab: Sleeping          |     1 |       ||     1
Dodge: Dodged            |     2 |     2 ||     4

Table legend: (Time is in decaauts)
 A = Elapsed time spent in this place.
 B = Non-inter-level travel time spent in this place.
 C = Inter-level travel time spent in this place.
 D = Time resting spent in this place.
 E = Time spent auto-exploring this place.
 F = Levels seen in this place.
 G = Mean time per level.
                   A        B        C        D        E       F      G
               +--------+--------+--------+--------+--------+-----+--------+
         Total |    251 |    251 |      0 |     88 |      0 |   1 |  251.0 |
       Dungeon |    251 |    251 |      0 |     88 |      0 |   1 |  251.0 |
               +--------+--------+--------+--------+--------+-----+--------+

Top non-repeatable levels by time:
       D: 251 daAuts
